 Dungeon Crawl Stone Soup version 0.31-a0-344-gd109795599 (webtiles) character file.

Game seed: 10497352529686815492

49 garrulousMonolith the Changeling (level 3, -6/23 HPs)
             Began as an Octopode Shapeshifter on July 21, 2023.
             Mangled by Sigmund
             ... wielding a +0 scythe
              (10 damage)
             ... on level 2 of the Dungeon.
             The game lasted 00:00:59 (797 turns).

garrulousMonolith the Changeling (OpSh)              Turns: 797, Time: 00:00:59

Health: -6/23      AC:  1    Str: 14    XL:     3   Next: 75%
Magic:  3/3        EV: 13    Int: 10    God:
Gold:   67         SH:  0    Dex: 14    Spells: 2/2 levels left

rFire   . . .        e - +1 dagger (elec)
rCold   . . .        (no shield)
rNeg    . . .        (helmet currently unavailable)
rPois   .            (no amulet)
rElec   .            (no ring)
rCorr   .            (no ring)
SInv    .            (no ring)
Will    .....        (no ring)
Stlth   ++           (no ring)
HPRegen 0.23/turn    (no ring)
MPRegen 0.08/turn    (no ring)
                     (no ring)

%: no passive effects
@: confused, mighty, beast-form, attractive
A: beast (slay +2), almost no armour, amphibious, 8 rings, camouflage 1,
gelatinous body 1, (nimble swimmer 1), tentacles
a: Begin Untransformation


You were on level 2 of the Dungeon.
You were a hulking beast.
You visited 1 branch of the dungeon, and saw 2 of its levels.

You collected 67 gold pieces.

Inventory:

Hand Weapons
 e - a +1 dagger of electrocution (weapon)
Talismans
 b - a beast talisman
Scrolls
 d - a scroll of enchant armour {unknown}
 f - a scroll of identify {unknown}
 g - a scroll of enchant weapon {unknown}
 i - a scroll of teleportation {unknown}
Potions
 a - a potion of lignification
 j - a potion of might


   Skills:
 + Level 1.6 Fighting
 + Level 2.4 Dodging
 + Level 1.6 Stealth
 + Level 3.2 Unarmed Combat
 * Level 3.4 Shapeshifting


You had 2 spell levels left.
You didn't know any spells.
Your spell library contained the following spells:

 Spells                   Type           Power      Damage    Failure   Level
 Blink                    Tloc           0%         N/A       50%         2
 Ensorcelled Hibernation  Hex/Ice        0%         N/A       50%         2
 Anguish                  Hex/Necr       0%         N/A       98%         4
 Manifold Assault         Tloc           0%         N/A       98%         4


Dungeon Overview and Level Annotations

Branches:
Dungeon (2/15)

Altars:

Annotations:
D:2 Sigmund


Innate Abilities, Weirdness & Mutations

You are a hulking beast.
Your limbs bulge with bestial killing power. (Slay +2)
You cannot wear most types of armour.
You are amphibious.
You can wear up to eight rings at the same time.
Your skin changes colour to match your surroundings (Stealth+).
Your rubbery body absorbs attacks. (AC +1, EV +1)
((You are camouflaged when in or above water. (Stealth+)))
You have tentacles for arms and can constrict up to eight enemies at once.


Message History

Sigmund the Dreaded comes into view.
He is wielding a +0 scythe.
The kobold shouts!
Sigmund shouts!
A bat comes into view.
Found a scroll labelled FUORAN WUKA.
You hit the kobold but do no damage. You grab the kobold.
You constrict the kobold.
Sigmund hits you from afar with a +0 scythe!
The kobold hits you with a +0 whip.
You are too injured to fight recklessly!
You release your grip on the kobold.
It was a potion of might.
You feel very mighty all of a sudden. The kobold hits you but does no damage.
You closely miss the kobold. Your grab misses the kobold.
The kobold is heavily wounded.
Sigmund barely misses you. The kobold closely misses you.
You hit the kobold. Lightning courses through the kobold!!
You kill the kobold!
The bat closely misses you.
Sigmund laughs darkly.
Sigmund misses you. The bat misses you.
You miss the bat. Your grab misses the bat.
Your tentacle-slap misses the bat.
The bat misses you. The bat barely misses you.
You puncture the bat!
You kill the bat!
Sigmund closely misses you.
Sigmund laughs darkly.
Sigmund points at you and mumbles some strange words.
You are confused.
You closely miss Sigmund. Sigmund hits you with a +0 scythe!
* * * LOW HITPOINT WARNING * * *
It was a potion of magic.
Magic courses through your body.
Sigmund mumbles some strange words.
Sigmund flickers and vanishes!
Deactivating autopickup; reactivate with Ctrl-A.
It was a potion of attraction.
You feel attractive to monsters. Something hits you!
You die...

#....[....#####.##
#...............#####
....###+######.....>..
...##.#
#....#.######## ...
#.# #..P.#......... ..
#.. ##...#.######## ..
### ##..#.# . ####.#
#h# #.# #{# #......#
......... ...!.....?
...........
............
.............


There were no monsters in sight!

Vanquished Creatures
  2 adders (D:2)
  A dart slug (D:1)
  2 ball pythons
  5 bats
  4 endoplasms (D:1)
  4 goblins (D:1)
  A hobgoblin (D:1)
  4 kobolds
  3 rats (D:1)
26 creatures vanquished.

Notes
Turn   | Place    | Note
-------+----------+-------------------------------------------
     0 | D:1      | garrulousMonolith the Octopode Shapeshifter began the quest
                  | for the Orb.
     0 | D:1      | Reached XP level 1. HP: 13/13 MP: 1/1
   177 | D:1      | Reached XP level 2. HP: 12/18 MP: 2/2
   216 | D:1      | Reached skill level 1 in Stealth
   512 | D:1      | Reached XP level 3. HP: 23/23 MP: 3/3
   674 | D:2      | Found a faded altar of an unknown god.
   782 | D:2      | Noticed Sigmund
   797 | D:2      | Mangled by Sigmund

Illustrated notes

Levels and vault maps discovered:
D:1:      minmay_arrival_open_corners, layout_basic
D:2:      layout_basic, serial_aquarium, aquarium_bridge_square
          [aquarium_subvault_wall, aquarium_subvault_balcony,
          aquarium_subvault_wall, aquarium_subvault_bridge],
          aquarium_bridge_square [aquarium_subvault_wall,
          aquarium_subvault_bridge, aquarium_subvault_window,
          aquarium_subvault_window], aquarium_window_corner, aquarium_window_1,
          aquarium_window_3, aquarium_window_2, aquarium_view_2a,
          aquarium_view_2d, aquarium_pool_split,
          hellmonk_ecumenical_altar_lost_god, uniq_jessica, uniq_sigmund

Skill      XL: |  1  2 |
---------------+-------+-----
Stealth        | 1 |  1.6
Fighting       | |  1.6
Dodging        | |  2.4
Unarmed Combat | |  3.2
Shapeshifting  | |  3.4

Action                     || total
---------------------------++-------
  Melee: Unarmed           ||    28
         Tentacles         ||     7
         Constrict         ||     9
         Dagger            ||    21
         Punch             ||     2
    Use: Potion            ||     3
   Stab: Sleeping          ||     6
 Armour: Skin              ||     5
  Dodge: Dodged            ||    27

Table legend: (Time is in decaauts)
 A = Elapsed time spent in this place.
 B = Non-inter-level travel time spent in this place.
 C = Inter-level travel time spent in this place.
 D = Time resting spent in this place.
 E = Time spent auto-exploring this place.
 F = Levels seen in this place.
 G = Mean time per level.
                   A        B        C        D        E       F      G
               +--------+--------+--------+--------+--------+-----+--------+
         Total |    794 |    779 |     15 |     17 |    601 |   2 |  397.0 |
       Dungeon |    794 |    779 |     15 |     17 |    601 |   2 |  397.0 |
               +--------+--------+--------+--------+--------+-----+--------+

Top non-repeatable levels by time:
     D:1: 637 daAuts
     D:2: 157 daAuts
